 Dungeon Crawl Stone Soup version 0.31.0-12-g77e489cdc1 (webtiles) character file.

Game seed: 5477483679083088882

354 DildoBatman the Conjurer (level 6, -11/46 HPs)
             Began as a Formicid Conjurer on Mar 5, 2024.
             Mangled by an ogre
             ... wielding a +0 giant spiked club
              (35 damage)
             ... on level 4 of the Dungeon.
             The game lasted 00:06:58 (3282 turns).

DildoBatman the Conjurer (Formicid Conjurer)        Turns: 3282, Time: 00:06:59

Health: -11/46     AC:  5    Str: 11    XL:     6   Next: 95%
Magic:  7/11       EV: 12    Int: 20    God:
Gold:   150        SH:  0    Dex: 12    Spells: 8/11 levels left

rFire   . . .        i - +3 whip
rCold   . . .        (no shield)
rNeg    . . .        a - +0 robe
rPois   .            (helmet unavailable)
rElec   .            (no cloak)
rCorr   .            (no gloves)
SInv    +            u - +2 pair of boots
Will    .....        (no amulet)
Stlth   ++           r - ring of Omushrahe {Fly Slay+4}
HPRegen 0.27/turn    (no ring)
MPRegen 0.12/turn

%: no passive effects
@: flying
A: permanent stasis, dig shafts and tunnels, antennae 3, four strong arms
a: Dig, Shaft Self


You were on level 4 of the Dungeon.
You visited 1 branch of the dungeon, and saw 5 of its levels.

You collected 150 gold pieces.

Inventory:

Hand Weapons
 i - a +3 whip (weapon)
Missiles
 e - 46 stones
 k - 6 javelins
 q - 3 boomerangs
 t - a throwing net
Armour
 a - a +0 robe (worn)
 u - a +2 pair of boots (worn)
Jewellery
 r - the ring of Omushrahe (left hand) {Fly Slay+4}
   (You took it off an orc on level 3 of the Dungeon)

   [ring of slaying]

   Slay+4:    It affects your accuracy & damage with ranged weapons and melee
   (+4).
   Fly:       It grants you flight.
Wands
 o - a wand of quicksilver (9)
Scrolls
 c - 3 scrolls of identify {unknown}
 d - 2 scrolls of immolation {unknown}
 g - a scroll of teleportation {unknown}
 j - a scroll of revelation {unknown}
 l - a scroll of noise {unknown}
 n - a scroll of vulnerability {unknown}
 s - a scroll of blinking {unknown}
 y - a scroll of poison {unknown}
Potions
 b - a potion of magic
 f - 5 potions of curing {unknown}
 h - 3 potions of heal wounds {unknown}
 m - a potion of attraction {unknown}
 p - 3 potions of lignification {unknown}
 v - a potion of invisibility {unknown}
 w - a potion of brilliance {unknown}
 x - a potion of degeneration {unknown}


   Skills:
 + Level 2.7 Fighting
 + Level 2.6 Armour
 + Level 2.9 Dodging
 - Level 4.0 Stealth
 + Level 3.3 Spellcasting
 + Level 4.3 Conjurations


You had 8 spell levels left.
You knew the following spells:

 Your Spells              Type           Power      Damage    Failure   Level
a - Searing Ray           Conj           40%        2d5       3%          2
c - Magic Dart            Conj           80%        1d7       2%          1

Your spell library contained the following spells:

 Spells                   Type           Power      Damage    Failure   Level
 Sting                    Conj/Alch      48%        1d6       5%          1
 Call Imp                 Summ           6%         N/A       21%         2
 Mercury Vapours          Alch/Air       6%         N/A       21%         2
 Gell's Gravitas          Tloc           3%         N/A       38%         3
 Teleport Other           Tloc           3%         N/A       38%         3
 Fulminant Prism          Conj/Alch      6%         3d7       50%         4
 Iskenderun's Mystic Bla  Conj/Tloc      12%        2d5       50%         4
 Olgreb's Toxic Radiance  Alch           3%         N/A       80%         4
 Dispersal                Tloc           1%         N/A       100%        6
 Blink                    Tloc           Unusable   N/A       N/A         2

Dungeon Overview and Level Annotations

Branches:
Dungeon (5/15)
 Temple: D:4-7

Altars:
Qazlal
Trog
Zin
The Shining One

Annotations:
D:2 1 runed translucent door, 1 exclusion, Terence
D:3 exclusions: 2 orcs, orc wizard and 2 sensed monsters (detected)
D:4 Dowan, Duvessa, Grinder, Sigmund


Innate Abilities, Weirdness & Mutations

You cannot be hasted, slowed, berserked, paralysed or teleported.
You can dig through walls and to a lower floor.
You have a pair of large antennae on your head. (SInv)
Your four strong arms can wield two-handed weapons with a shield.


Message History

There is a glowing silver altar of Zin here.
Key pressed, stopping explore.
Unknown command.
Found a glowing golden altar of the Shining One.
You reach down and open the door.
There is an open door here.
You reach down and open the door.
There is an open door here.
There is an open door here.
There is an open door here.
Key pressed, stopping explore.
Unknown command.
You see here a +0 helmet.
Key pressed, stopping explore.
Unknown command.
There is a stone staircase leading down here.
You fly downwards.
The ogre shouts!
There is a stone staircase leading up here.
The ogre barely misses you.
You fly upwards.
Level annotation: Dowan, Duvessa, Grinder, Sigmund
There is a stone staircase leading down here.
Casting: Magic Dart (safe; 2% risk of failure)
Confirm with . or Enter, or press ? or * to list all spells.
Aiming: Searing Ray (safe; 3% risk of failure)
Press: ? - help, Shift-Dir - straight line, f - ogre
Aim: an ogre, wielding a +0 giant spiked club (89% to hit)
The searing ray hits the ogre!
The ogre is moderately wounded. (Press . to maintain the ray.)
The searing ray hits the ogre.
The ogre is moderately wounded.
The ogre hits you with a +0 giant spiked club!!
Ouch! That really hurt!
The searing ray hits the ogre.
The ogre is heavily wounded.
The ogre hits you with a +0 giant spiked club!!
Ouch! That really hurt!
You die...

.###...........#
.# #.#########.#
.###.# #.# .....#
#.#
..##.#########.#
#.##.#.........#
#.##.#.#######.##
#.##.# ##...##
#.# @# ##...O@##
... ..
###.......## #..
.. ...........#
#..# ###.......##
#..# ##.....##
#<.# ##...##
##.## #.#
######.#


You could see an ogre.

Vanquished Creatures
  A sky beast (D:4)
  A phantom (D:4)
  A scorpion (D:4)
  A jelly (D:4)
  4 gnolls (D:3)
  2 dart slugs
  4 ribbon worms
  3 orcs
  5 endoplasms
  4 giant cockroaches
  4 goblins
  5 hobgoblins
  2 quokkas
  9 ball pythons
  3 bats
  A frilled lizard (D:1)
  4 kobolds
  2 rats
56 creatures vanquished.

Notes
Turn   | Place    | Note
-------+----------+-------------------------------------------
     0 | D:1      | DildoBatman the Formicid Conjurer began the quest for the
                  | Orb.
     0 | D:1      | Reached XP level 1. HP: 13/13 MP: 3/3
   232 | D:1      | Reached XP level 2. HP: 20/20 MP: 5/5
   235 | D:1      | Learned a level 2 spell: Searing Ray
   247 | D:1      | Found a faded altar of an unknown god.
   835 | D:2      | Reached XP level 3. HP: 22/25 MP: 2/6
  1061 | D:2      | Reached skill level 1 in Fighting
  1089 | D:2      | Reached skill level 1 in Armour
  1196 | D:2      | Found a runed translucent door.
  1278 | D:2      | Noticed Terence
  1723 | D:3      | Reached XP level 4. HP: 24/32 MP: 1/7
  1938 | D:3      | Identified the ring of Omushrahe {Fly Slay+4}
  2336 | D:3      | Reached XP level 5. HP: 38/38 MP: 3/9
  2483 | D:4      | Found a stormy altar of Qazlal.
  2490 | D:4      | Found a bloodstained altar of Trog.
  2600 | D:4      | Noticed Grinder
  2623 | D:4      | Noticed Duvessa
  2638 | D:4      | Noticed Dowan
  2697 | D:4      | Noticed a phantom
  2704 | D:4      | Killed a phantom
  2824 | D:4      | Reached XP level 6. HP: 45/45 MP: 5/10
  2864 | D:4      | Noticed a sky beast
  2872 | D:4      | Killed a sky beast
  3102 | D:4      | Noticed Sigmund
  3130 | D:4      | Found a glowing silver altar of Zin.
  3152 | D:4      | Found a glowing golden altar of the Shining One.
  3277 | D:5      | Entered Level 5 of the Dungeon
  3277 | D:5      | Noticed an ogre
  3282 | D:4      | Mangled by an ogre

Illustrated notes

Levels and vault maps discovered:
D:1:      roderic_dead_forest, layout_basic, chequers_ecumenical_altar_twisty
D:2:      layout_basic, nicolae_elevator_lobby_asterisk,
          uniq_crazy_yiuf_cottage, uniq_terence
D:3:      layout_basic, hangedman_decor_riveting
D:4:      layout_loops_ring, mainiacjoe_overflow_alcove_2,
          mainiacjoe_overflow_six_doors_small, mainiacjoe_overflow_big_doors,
          serial_glass, glass_columns_b, glass_columns_b, glass_columns_a,
          glass_columns_a, uniq_grinder, uniq_duvessa, uniq_sigmund,
          uniq_natasha
D:5:      layout_loops_ring

Skill      XL: |  1  2  3  4  5 |
---------------+----------------+-----
Dodging        | 2 |  2.9
Stealth        | 3 4 |  4.0
Fighting       | 1 2 |  2.7
Armour         | 1 2 |  2.6
Conjurations   | 4 |  4.3
Spellcasting   | 3 |  3.3

Action                     |  1- 3 |  4- 6 || total
---------------------------+-------+-------++-------
  Melee: Dagger            |     5 |       ||     5
         Whip              |    51 |    15 ||    66
   Cast: Magic Dart        |    39 |    25 ||    64
         Searing Ray       |     3 |    12 ||    15
   Stab: Sleeping          |     7 |       ||     7
 Armour: Robe              |    24 |    15 ||    39
  Dodge: Dodged            |    37 |    13 ||    50
